 Dungeon Crawl Stone Soup version 0.24-a0-464-g6b2be6b8c7 (webtiles) character file.

Game seed: 16625437034970336809

16306 Ijustatesigmund the Fighter (level 12, -8/140 HPs)
             Began as an Ogre Fighter on July 3, 2019.
             Was a High Priest of Cheibriados.
             Mangled by an orc knight
             ... wielding a +0 great mace
              (21 damage)
             ... on level 12 of the Dungeon.
             The game lasted 00:34:57 (14013 turns).

Ijustatesigmund the Fighter (Ogre Fighter)         Turns: 14013, Time: 00:34:58

Health: -8/140     AC: 10    Str: 36    XL:     12   Next: 36%
Magic:  18/18      EV: 18    Int: 20    God:    Cheibriados [*****.]
Gold:   704        SH:  0    Dex: 25    Spells: 11/11 levels left

rFire    . . .     SeeInvis .   a - +1 giant spiked club (elec)
rCold    . . .     Gourm    .   (shield currently unavailable)
rNeg     . . .     Faith    .   b - +2 robe
rPois    .         Spirit   .   C - +2 hat
rElec    .         Reflect  .   E - +2 cloak {+Inv}
rCorr    .         Harm     .   (gloves unavailable)
MR       ++...                  (boots unavailable)
Stlth    ++........             q - amulet of regeneration
HPRegen  0.73/turn              K - ring of protection from magic
MPRegen  0.16/turn              H - +4 ring of evasion

@: about to teleport, very slow
A: large, unfitting armour, beak, dopey 1, tough skin 1, wild magic 1
a: Bend Time, Temporal Distortion, Slouch, Step From Time, Renounce Religion,
Evoke Invisibility


You were on level 12 of the Dungeon.
You worshipped Cheibriados.
Cheibriados was extremely pleased with you.
You were not hungry.

You visited 2 branches of the dungeon, and saw 13 of its levels.
You also visited: Sewer, Ossuary and Bailey.

You collected 1006 gold pieces.
You spent 302 gold pieces at shops.

Inventory:

Hand Weapons
 a - a +1 giant spiked club of electrocution (weapon)
Missiles
 d - 45 poisoned darts
 g - 5 curare-tipped darts (quivered)
 F - 2 throwing nets
Armour
 b - a +2 robe (worn)
 w - the +5 shield "Elaisun" {rPois MR+ Regen+}
   (You acquired it on level 9 of the Dungeon)

   It protects you from poison.
   It affects your resistance to hostile enchantments.
   It increases your rate of regeneration.
 C - a +2 hat (worn)
 E - a +2 cloak of invisibility (worn)
Jewellery
 k - an uncursed ring of ice
 q - an amulet of regeneration (around neck)
 s - an uncursed ring of ice
 H - a +4 ring of evasion (right hand)
 K - a ring of protection from magic (left hand)
Wands
 r - a wand of disintegration (6)
 u - a wand of flame (39)
Scrolls
 e - 4 scrolls of amnesia
 j - 7 scrolls of remove curse
 o - 3 scrolls of enchant armour
 y - 5 scrolls of teleportation
 B - a scroll of fog
 G - 2 scrolls of identify
Potions
 h - 9 potions of flight
 l - 5 potions of lignification
 m - 2 potions of agility
 n - 8 potions of curing
 p - a potion of resistance
 t - 2 potions of might
 x - 2 potions of ambrosia
 z - 2 potions of heal wounds
 A - 4 potions of brilliance
 D - 2 potions of magic
 J - a potion of invisibility {unknown}
Comestibles
 f - 28 rations


   Skills:
 + Level 14.6 Fighting
 + Level 11.3 Maces & Flails
 - Level 3.0 Throwing
 - Level 5.4 Dodging
 - Level 2.6 Shields
 + Level 8.3 Invocations
 + Level 3.4 Evocations


You had 11 spell levels left.
You didn't know any spells.
Your spell library contained the following spells:

 Spells                   Type           Power        Failure   Level  Hunger
 Magic Dart               Conj           #...         26%         1    ##.....
 Searing Ray              Conj           #.....       36%         2    ###....
 Dazzling Spray           Conj/Hex       #.....       58%         3    ####...
 Force Lance              Conj/Tloc      #.......     92%         4    #####..
 Fulminant Prism          Conj/Hex       #.........   92%         4    #####..
 Iskenderun's Mystic Bla  Conj           #.......     92%         4    #####..


Dungeon Overview and Level Annotations

Branches:
Dungeon (12/15)            Temple (1/1) D:4            Lair (0/6) D:10
    Orc (0/2) D:12

Altars:
Ashenzari
Cheibriados
Dithmenos
Elyvilon
Fedhas
Gozag
Hepliaklqana
Kikubaaqudgha
Makhleb
Nemelex Xobeh
Okawaru
Qazlal
Ru
Sif Muna
Trog
Uskayaw
Vehumet
Wu Jian
Xom
Yredelemnul
Zin
The Shining One
Beogh

Shops:
D:4 *   D:6 [   D:8 %

Portals:
Trove: D:11 (give 14 scrolls of teleportation)


Innate Abilities, Weirdness & Mutations

You are too large for most types of armour.
You have tough skin. (AC +1)
You have a beak for a mouth.
You are dopey. (Int -2)
Your spells are a little harder to cast, but a little more powerful.


Message History

An orc comes into view. It is wielding a +0 morningstar.
The orc barely misses you. The orc knight closely misses you.
The orc priest invokes the aid of Beogh against you.
Beogh smites you!
* * * LOW HITPOINT WARNING * * *
The orc warrior barely misses you.
You hear a shout!
You bludgeon the orc!! Lightning courses through the orc!
You kill the orc!
Cheibriados appreciates the change of pace.
You hear a shout!
The orc hits you but does no damage.
The orc knight roars a battlecry!
The orcs go into a battle-frenzy!
The orc warrior hits you with a +0 war axe!!
* * * LOW HITPOINT WARNING * * *
The orc closely misses you. The orc priest misses you.
The orc priest barely misses you.
The orc knight hits you with a +0 great mace!!
You die...

#.........# #......(..#
#.........# #.........#
#.........########
#######.................
........##########......
........# #......
.....oo@# #......
.....ooo# #......
......oo# #......
.^......# ##.....
........# #>....
........8 #.....
######..o. #####...##
.#.8.o #.......#
..#.#... #.......#


You could see an orc knight, 2 orc warriors, 3 orc priests and 2 orcs.

Vanquished Creatures
  A hydra (D:11)
  Erica (D:10)
  2 two-headed ogres
  3 orc knights (Bailey)
  A manticore (D:11)
  An elephant (D:10)
  Joseph (D:9)
  A gargoyle (D:10)
  2 centaur skeletons (D:12)
  2 kobold demonologists (D:11)
  4 hippogriffs
  A wraith (D:11)
  2 wyverns (D:11)
  A yak (D:10)
  2 basilisks (D:10)
  Menkaure (D:7)
  A water moccasin (D:10)
  11 orc warriors
  3 ice beasts
  A black bear (D:11)
  3 necrophages
  3 sky beasts
  11 ogres
  4 phantoms
  7 centaurs
  2 crocodiles
  8 big kobolds
  3 elf skeletons (D:6)
  A wyvern zombie (D:6)
  8 bullfrogs
  2 water moccasin zombies
  A water moccasin skeleton (D:6)
  A scorpion (D:8)
  14 killer bees
  3 wights (D:8)
  A howler monkey (D:7)
  4 crimson imps
  4 bullfrog zombies
  3 centaur zombies
  A quasit (Sewer)
  6 orc priests
  Crazy Yiuf (D:6)
  3 bullfrog skeletons
  5 hounds
  A gnoll shaman (D:10)
  2 jellies (D:8)
  3 iguanas
  7 orc wizards
  6 worker ants
  A killer bee zombie (Ossuary)
  2 big kobold zombies (Sewer)
  14 mummies (Ossuary)
  6 hound zombies
  A howler monkey skeleton (D:8)
  5 worker ant zombies
  7 adders
  5 gnolls (D:10)
  5 shadow imps
  An ufetubus (Sewer)
  2 oozes (Sewer)
  2 adder zombies
  4 worms
  4 dart slugs
  9 leopard geckos
  48 orcs
  2 ball pythons
  A bat zombie (Sewer)
  9 giant cockroaches
  12 goblins
  10 hobgoblins
  59 kobolds
  9 quokkas
  10 bats
  6 frilled lizards
  A giant cockroach zombie (Ossuary)
  A jackal zombie (Ossuary)
  2 leopard gecko zombies
  3 orc skeletons (D:6)
  4 quokka zombies
  8 rats
  A spectral orc (D:6)
414 creatures vanquished.

Vanquished Creatures (collateral kills)
  An orc warrior (Bailey)
  A gnoll (Bailey)
  An orc (Bailey)
  3 kobolds (Bailey)
6 creatures vanquished.

Vanquished Creatures (others)
  Grinder (Sewer)
  A rat (D:3)
  4 withered plants (Ossuary)
6 creatures vanquished.

Grand Total: 426 creatures vanquished

Notes
Turn   | Place    | Note
-------+----------+-------------------------------------------
     0 | D:1      | Ijustatesigmund the Ogre Fighter began the quest for the
                  | Orb.
     0 | D:1      | Reached XP level 1. HP: 24/24 MP: 1/1
     3 | D:1      | Noticed a minotaur skeleton
    10 | D:1      | Noticed a minotaur skeleton
    14 | D:1      | Noticed a minotaur skeleton
   192 | D:1      | Reached XP level 2. HP: 32/32 MP: 2/2
   630 | D:1      | Reached XP level 3. HP: 33/39 MP: 3/3
  1180 | D:2      | Found a sacrificial altar of Ru.
  1180 | D:2      | Found a bloodstained altar of Trog.
  1186 | D:2      | Reached XP level 4. HP: 47/48 MP: 2/4
  1624 | D:3      | Found a glowing drain.
  1637 | Sewer    | Entered a sewer
  1927 | Sewer    | Reached XP level 5. HP: 50/54 MP: 3/5
  2373 | Sewer    | Found a burning altar of Makhleb.
  2373 | Sewer    | Noticed a big kobold
  2391 | Sewer    | Killed a big kobold
  2391 | Sewer    | Reached skill level 5 in Fighting
  2391 | Sewer    | Reached skill level 5 in Maces & Flails
  2391 | Sewer    | Reached XP level 6. HP: 53/66 MP: 2/6
  2966 | Sewer    | Noticed Grinder
  2985 | Sewer    | Killed Grinder
  2985 | Sewer    | Reached skill level 6 in Fighting
  2985 | Sewer    | Reached XP level 7. HP: 51/76 MP: 4/7
  3532 | D:3      | Found a blossoming altar of Fedhas.
  3543 | D:3      | Reached skill level 7 in Fighting
  3875 | D:3      | Found a shattered altar of Ashenzari.
  4472 | D:4      | Reached skill level 1 in Throwing
  4504 | D:4      | Reached XP level 8. HP: 88/88 MP: 8/8
  4711 | D:4      | Found Xowaph's Assorted Antiques.
  4714 | D:4      | Bought a black potion for 19 gold pieces
  4714 | D:4      | Bought a scroll labeled QUEJEI JYACW for 22 gold pieces
  4714 | D:4      | Bought a scroll labeled KEPPEC NATUOPH for 22 gold pieces
  4714 | D:4      | Bought a war axe for 77 gold pieces
  4714 | D:4      | Bought a murky blue potion for 19 gold pieces
  4783 | D:4      | Found a staircase to the Ecumenical Temple.
  4792 | Temple   | Entered the Ecumenical Temple
  5011 | D:4      | You fall into a shaft and drop 1 floor!
  5011 | D:5      | Entered Level 5 of the Dungeon
  5029 | D:5      | Reached skill level 8 in Fighting
  5735 | D:5      | Reached skill level 9 in Fighting
  6171 | D:5      | Reached XP level 9. HP: 58/98 MP: 7/9
  6705 | D:6      | Found a basalt altar of Yredelemnul.
  6837 | D:6      | Reached skill level 10 in Fighting
  6844 | D:6      | Found an opulent altar of Gozag.
  6966 | D:6      | Found a sand-covered staircase.
  6972 | Ossuary  | Entered an ossuary
  7193 | Ossuary  | Reached skill level 5 in Dodging
  7442 | D:6      | Found an ornate altar of the Wu Jian Council.
  7442 | D:6      | Found a hide-covered altar of Uskayaw.
  7633 | D:6      | Found Bezof's Armour Emporium.
  7640 | D:6      | Bought a +1 hat for 143 gold pieces
  7652 | D:6      | Found a stormy altar of Qazlal.
  7721 | D:6      | Found a runed translucent door.
  7722 | D:6      | Noticed Crazy Yiuf
  7727 | D:6      | Killed Crazy Yiuf
  8133 | D:7      | Noticed Menkaure
  8141 | D:7      | Killed Menkaure
  8141 | D:7      | Reached skill level 11 in Fighting
  8141 | D:7      | Reached skill level 1 in Evocations
  8141 | D:7      | Reached XP level 10. HP: 101/113 MP: 8/10
  8342 | D:7      | Found a hazy altar of Hepliaklqana.
  8370 | D:7      | Gained mutation: Your spells are a little harder to cast,
                  | but a little more powerful. [potion of mutation]
  8370 | D:7      | Gained mutation: You are dopey. (Int -2) [potion of
                  | mutation]
  8370 | D:7      | Gained mutation: You have a beak for a mouth. [potion of
                  | mutation]
  8853 | D:7      | Found an opulent altar of Gozag.
  9496 | Temple   | Became a worshipper of Cheibriados the Contemplative
  9766 | D:8      | Found a white marble altar of Elyvilon.
  9775 | D:8      | Reached skill level 1 in Invocations
  9810 | D:8      | Noticed a two-headed ogre
  9822 | D:8      | Killed a two-headed ogre
  9822 | D:8      | Reached skill level 12 in Fighting
  9935 | D:8      | Reached * piety under Cheibriados
 10334 | D:8      | Found Umot's Food Emporium.
 10609 | D:9      | Found a glowing golden altar of the Shining One.
 10617 | D:9      | Identified a scroll of acquirement
 10620 | D:9      | Got a smoking shield
 10621 | D:9      | Identified the +5 shield "Elaisun" {rPois MR+ Regen+} (You
                  | acquired it on level 9 of the Dungeon)
 10752 | D:9      | Reached XP level 11. HP: 124/124 MP: 14/14
 10791 | D:9      | Noticed Joseph
 10804 | D:9      | Killed Joseph
 10804 | D:9      | Reached skill level 10 in Maces & Flails
 10893 | D:9      | Reached ** piety under Cheibriados
 11136 | D:10     | Entered Level 10 of the Dungeon
 11183 | D:10     | Found a flagged portal.
 11203 | Bailey   | Entered a bailey
 11219 | Bailey   | Noticed an orc knight
 11277 | Bailey   | Killed an orc knight
 11277 | Bailey   | Reached skill level 5 in Invocations
 11279 | Bailey   | Noticed an orc knight
 11284 | Bailey   | Killed an orc knight
 11284 | Bailey   | Reached skill level 13 in Fighting
 11340 | Bailey   | Reached *** piety under Cheibriados
 11414 | Bailey   | Noticed an orc knight
 11425 | Bailey   | Killed an orc knight
 11948 | D:10     | Noticed Erica
 11959 | D:10     | Killed Erica
 12051 | D:10     | Reached **** piety under Cheibriados
 12089 | D:10     | Noticed a two-headed ogre
 12094 | D:10     | Killed a two-headed ogre
 12172 | D:10     | Found a staircase to the Lair.
 12449 | D:10     | Reached skill level 14 in Fighting
 12871 | D:11     | Reached ***** piety under Cheibriados
 12954 | D:11     | Reached XP level 12. HP: 139/139 MP: 17/17
 13519 | D:11     | Noticed a six-headed hydra
 13523 | D:11     | Killed a six-headed hydra
 13598 | D:11     | Found a portal to a secret trove of treasure.
 13997 | D:12     | Found a roughly hewn altar of Beogh.
 13997 | D:12     | Found a staircase to the Orcish Mines.
 14013 | D:12     | Mangled by an orc knight

Levels and vault maps discovered:
D:1:      shiori_arrival_whats_in_store_for_you, layout_loops_ring,
          serial_glass, glass_columns_a, glass_columns_a, glass_columns_a,
          glass_columns_a, glass_columns_a, glass_columns_b
D:2:      layout_loops_ring, gammafunk_temple_overflow_pools
D:3:      layout_basic, fedhas_ov_isle_minmay, gup_sewer_entry_pipe,
          evilmike_ruin_ashenzari
D:4:      layout_loops_ring, lemuel_temple_firewalk_b, serial_shops,
          kennysheep_mini
D:5:      layout_loops_cross, serial_glass, glass_columns_c, glass_columns_a,
          due_unseen_surprise, minmay_strange_pillars, first_ration,
          st_stairs_10, lemuel_flame_loot_1
D:6:      layout_rooms, yredelemnul_forgotten_temple_becter,
          gammafunk_temple_overflow_elements, nicolae_qazlal_eye_of_the_storm,
          nicolae_ossuary_entry_catacombs, serial_shops, nicolae_shop_crystal,
          grunt_gozag_breadcrumbs, uniq_crazy_yiuf_cottage
D:7:      layout_layer_cave, lemuel_round_altar, lemuel_doored_altar,
          uniq_menkaure
D:8:      layout_loops_ring, overflow_temple_1_default, serial_shops, shop
D:9:      layout_roguey, tso_metal_star, uniq_joseph
D:10:     layout_roguey, david_lair_generic, enter_bailey_2, grunt_ogre_cave,
          uniq_erica
D:11:     layout_roguey, trove_entry_hex_spiral
D:12:     layout_irregular_city, david_orc_5, ebering_ghost_disaster_area,
          kennysheep_generic_room_13
Temple:   jpeg_temple_alley_garden

Skill      XL: |  1  2  3  4  5  6  7  8  9 10 11 12 |
---------------+-------------------------------------+-----
Maces & Flails | 2 3 4 5 6 7 8 9 11 | 11.3
Fighting       | 5 6 7 9 11 12 14 | 14.6
Throwing       | 1 3 |  3.0
Dodging        | 3 5 |  5.4
Evocations     | 1 2 3 |  3.4
Invocations    | 4 7 8 |  8.3
Shields        | |  2.6

Action                   |  1- 3 |  4- 6 |  7- 9 | 10-12 || total
-------------------------+-------+-------+-------+-------++-------
Melee: Flail             |   141 |   171 |   127 |       ||   439
       Giant spiked club |       |       |   271 |   475 ||   746
       Peck              |       |       |       |   109 ||   109
Throw: Dart              |       |     2 |    14 |    14 ||    30
Evoke: Wand              |       |       |     2 |    24 ||    26
  Use: Scroll            |     5 |     4 |    13 |    13 ||    35
       Potion            |       |     4 |     3 |     8 ||    15
 Stab: Sleeping          |       |     1 |       |     1 ||     2
       Distracted        |       |       |     1 |       ||     1
       Paralysed         |       |       |       |     6 ||     6
  Eat: Chunk             |     1 |     3 |    10 |    10 ||    24
       Ration            |       |     1 |     2 |     1 ||     4
Armor: Robe              |    56 |    75 |   107 |   161 ||   399
       Skin              |       |    63 |       |       ||    63
Dodge: Dodged            |    69 |    99 |   244 |   552 ||   964
Block: Shield            |    63 |   153 |    74 |       ||   290

Table legend:
 A = Non-vault XP
 B = Vault XP
 C = Vault XP percentage of total XP
 D = Non-vault monster count
 E = Vault monster count
 F = Vault count percentage of total count
                 A         B        C        D         E       F
            +---------+---------+-------+---------+---------+-------
      Total |   15370 |    7925 |  34.0 |     301 |     120 |  28.5
            +---------+---------+-------+---------+---------+-------
        D:1 |      36 |       0 |   0.0 |      22 |       0 |   0.0
        D:2 |      63 |       0 |   0.0 |      29 |       0 |   0.0
        D:3 |     217 |      13 |   5.7 |      26 |       5 |  16.1
        D:4 |     331 |       0 |   0.0 |      17 |       0 |   0.0
        D:5 |    1229 |     132 |   9.7 |      23 |       1 |   4.2
        D:6 |     709 |     291 |  29.1 |      21 |       8 |  27.6
        D:7 |    1415 |     172 |  10.8 |      17 |       1 |   5.6
        D:8 |    2761 |       0 |   0.0 |      40 |       0 |   0.0
        D:9 |     671 |     481 |  41.8 |      18 |       1 |   5.3
       D:10 |    2692 |    2584 |  49.0 |      45 |       6 |  11.8
       D:11 |    4207 |       0 |   0.0 |      30 |       0 |   0.0
       D:12 |    1039 |     312 |  23.1 |      13 |       5 |  27.8
      Sewer |       0 |     640 | 100.0 |       0 |      34 | 100.0
    Ossuary |       0 |     754 | 100.0 |       0 |      32 | 100.0
     Bailey |       0 |    2546 | 100.0 |       0 |      27 | 100.0
            +---------+---------+-------+---------+---------+-------
